Map: Chantier naval orbital

Players

AgCl

  • Race: Protoss Protoss
  • League: Silver

KaYaK - Winner!

  • Race: Zerg Zerg
  • League: Silver

VOD

Have the link to the VOD?

Description

Time

  • Played on: July 17, 2015, 5:43 p.m.
  • Length: 11:12
Show
View Real Time Build Order
Export as new Build Order

AgCl Protoss 

Build Orders: Nexus First, Oracle Opening, Carrier Rush 

Get SALT Encoding   

  12  0:07  Probe  
  13  0:25  Pylon  
  13  0:35  Probe  
  15  0:52  Nexus  
  15  0:55  Probe (Chrono Boost)  
  16  1:05  Probe (Chrono Boost)  
  16  1:12  Probe  
  17  1:21  Gateway  
  17  1:22  Assimilator  
  17  1:24  Probe  
  18  1:32  Assimilator  
  18  1:38  Probe, Pylon  
  19  1:52  Probe (Chrono Boost)  
  21  2:02  Probe (Chrono Boost)  
  21  2:06  Probe (Chrono Boost)  
  22  2:09  Cybernetics Core, Probe (Chrono Boost)  
  24  2:17  Probe (Chrono Boost)  
  24  2:20  Probe (Chrono Boost)  
  27  2:24  Probe (Chrono Boost)  
  27  2:26  Probe (Chrono Boost)  
  29  2:33  Probe  
  29  2:36  Assimilator  
  30  2:38  Probe  
  29  2:45  Adept  
  29  2:46  Warp Gate  
  29  2:47  Probe (Chrono Boost)  
  29  2:50  Probe (Chrono Boost)  
  33  2:52  Stargate  
  34  2:59  Pylon  
  34  3:01  Probe (Chrono Boost)  
  34  3:02  Assimilator  
  36  3:06  Mothership Core (Chrono Boost)  
  36  3:08  Probe (Chrono Boost)  
  37  3:19  Probe (Chrono Boost)  
  38  3:22  Probe (Chrono Boost)  
  38  3:26  Probe (Chrono Boost)  
  40  3:28  Probe  
  41  3:36  Probe (Chrono Boost)  
  41  3:37  Oracle  
  41  3:41  Probe (Chrono Boost)  
  47  3:48  Probe (Chrono Boost)  
  47  3:52  Probe (Chrono Boost)  
  47  3:54  Gateway  
  48  3:56  Gateway  
  48  3:57  Probe (Chrono Boost)  
  48  4:02  Gateway  
  50  4:04  Gateway  
  50  4:05  Probe  
  50  4:06  Probe  
  51  4:13  Fleet Beacon  
  51  4:18  Probe  
  51  4:21  Pylon  
  52  4:31  Pylon  
  52  4:36  Carrier (Chrono Boost)  
  52  4:39  Probe  
  56  5:00  Graviton Catapult (Chrono Boost)  
  56  5:03  Probe  
  56  5:04  Pylon, Stargate  
  56  5:05  Probe  
  58  5:10  Adept  
  58  5:11  Adept x2  
  64  5:20  Pylon  
  64  5:34  Probe  
  65  5:38  Pylon  
  65  5:39  Carrier (Chrono Boost)  
  65  5:41  Probe, Carrier (Chrono Boost)  
  66  5:49  Adept x2  
  70  5:50  Protoss Air Weapons Level 1 (Chrono Boost)  
  70  5:57  Nexus  
  82  6:05  Pylon  
  82  6:11  Assimilator  
  82  6:17  Forge  
  82  6:18  Pylon  
  82  6:21  Gateway  
  82  6:22  Stalker  
  84  6:47  Probe, Carrier (Chrono Boost)  
  85  6:54  Photon Cannon  
  85  6:55  Protoss Ground Weapons Level 1 (Chrono Boost)  
  91  7:11  Probe (Chrono Boost)  
  91  7:13  Probe (Chrono Boost)  
  91  7:14  Pylon  
  94  7:16  Pylon  
  94  7:20  Probe (Chrono Boost)  
  96  7:23  Probe (Chrono Boost)  
  96  7:24  Probe (Chrono Boost)  
  96  7:25  Carrier (Chrono Boost)  
  96  7:27  Probe (Chrono Boost)  
  97  7:32  Probe  
  97  7:35  Nexus  
  98  7:41  Probe  
  98  7:42  Probe  
  98  7:43  Protoss Air Weapons Level 2 (Chrono Boost)  
  100  7:45  Assimilator  
  106  7:56  Photon Cannon  
  106  7:58  Twilight Council  
  106  8:00  Probe (Chrono Boost)  
  106  8:01  Pylon  
  106  8:04  Carrier (Chrono Boost)  
  108  8:06  Probe (Chrono Boost), Adept x2  
  108  8:08  Sentry  
  101  8:47  Gateway, Stargate  
  101  8:50  Gateway, Pylon  
  101  8:54  Photon Cannon  
  103  8:56  Pylon  
  103  8:57  Probe x2 (Chrono Boost)  
  103  8:59  Probe (Chrono Boost)  
  104  9:07  Probe (Chrono Boost)  
  104  9:09  Probe (Chrono Boost)  
  104  9:10  Probe (Chrono Boost)  
  104  9:12  Carrier (Chrono Boost)  
  104  9:14  Probe  
  104  9:15  Assimilator  
  105  9:18  Probe, Pylon  
  105  9:22  Carrier (Chrono Boost)  
  105  9:23  Phoenix (Chrono Boost)  
  108  9:24  Stargate  
  108  9:29  Probe  
  115  9:32  Robotics Facility  
  115  9:34  Probe  
  115  9:35  Pylon  
  122  9:45  Probe  
  123  9:46  Photon Cannon  
  123  9:47  Gateway  
  123  9:49  Pylon  
  123  9:51  Pylon  
  123  9:52  Photon Cannon  
  123  9:54  Probe  
  123  9:59  Probe  
  125  10:00  Probe, Pylon  
  126  10:09  Probe  
  126  10:12  Adept x3  
  126  10:13  Adept  
  126  10:24  Adept x3, Assimilator  
  100  10:38  Adept x2  
  98  10:44  Adept x2  
  98  10:45  Adept x4  
  110  10:50  Cybernetics Core  
Show
View Real Time Build Order
Export as new Build Order

KaYaK Zerg - Winner!

Build Orders: Hatch First 

Get SALT Encoding   

  12  0:02  Drone  
  13  0:12  Overlord  
  13  0:17  Drone  
  14  0:30  Drone x2  
  14  0:35  Drone  
  17  0:51  Hatchery  
  17  0:54  Drone  
  17  0:58  Drone  
  18  1:07  Drone  
  19  1:14  Spawning Pool  
  19  1:18  Drone  
  19  1:22  Extractor  
  18  1:28  Drone  
  19  1:43  Drone  
  20  1:49  Hatchery  
  19  1:58  Drone  
  21  2:01  Drone  
  21  2:07  Queen  
  23  2:10  Queen  
  23  2:14  Drone  
  26  2:17  Drone  
  26  2:20  Drone  
  28  2:25  Overlord  
  28  2:34  Metabolic Boost  
  28  2:38  Overlord  
  28  2:44  Drone  
  28  2:45  Drone x2  
  28  2:47  Drone  
  32  2:57  Drone  
  32  2:58  Drone  
  34  3:01  Zergling x2  
  34  3:03  Queen  
  38  3:05  Zergling x2  
  39  3:12  Zergling x2  
  39  3:13  Zergling x2  
  39  3:18  Drone x2  
  39  3:19  Drone x3  
  45  3:21  Extractor  
  45  3:23  Extractor  
  45  3:26  Extractor  
  42  3:27  Drone  
  42  3:30  Lair  
  42  3:31  Drone  
  44  3:36  Drone x2  
  46  3:44  Drone x3  
  46  3:45  Drone  
  50  3:58  Overlord x3  
  50  3:59  Overlord  
  50  4:08  Overlord x2  
  50  4:18  Drone x3  
  50  4:20  Drone x5  
  58  4:32  Drone  
  58  4:34  Spire  
  58  4:40  Extractor x2  
  55  4:52  Spore Crawler  
  54  4:53  Spore Crawler  
  54  4:55  Spore Crawler  
  52  5:01  Drone x2  
  52  5:02  Drone x7  
  52  5:03  Drone x5  
  52  5:04  Drone  
  67  5:16  Hydralisk Den  
  66  5:23  Spore Crawler  
  66  5:24  Spore Crawler  
  64  5:31  Queen  
  65  5:45  Drone  
  65  5:46  Drone x3  
  65  5:47  Evolution Chamber x2  
  67  5:51  Drone x6  
  67  5:55  Drone x2  
  75  6:02  Hydralisk  
  75  6:03  Hydralisk x10  
  97  6:08  Muscular Augments  
  97  6:15  Overlord  
  97  6:16  Overlord x3  
  97  6:22  Overlord  
  97  6:26  Zerg Missile Weapons Level 1  
  97  6:27  Zerg Ground Armor Level 1  
  97  6:41  Hydralisk  
  97  6:42  Hydralisk x6  
  97  6:43  Hydralisk x2  
  115  6:50  Hydralisk x3  
  121  6:57  Queen  
  121  7:01  Hydralisk x4  
  131  7:14  Overseer x2  
  131  7:16  Hatchery  
  131  7:19  Hydralisk  
  131  7:20  Hydralisk x3  
  138  7:43  Overlord  
  138  7:44  Overlord x5  
  138  7:45  Overlord x2  
  138  7:57  Overlord x2  
  138  7:58  Overlord x2  
  99  8:25  Hydralisk  
  99  8:26  Hydralisk x14  
  109  8:30  Zerg Ground Armor Level 2, Zerg Missile Weapons Level 2  
  107  8:34  Pneumatized Carapace  
  107  8:37  Queen  
  109  8:49  Hydralisk x5  
  119  9:01  Hydralisk x3  
  119  9:02  Hydralisk x2  
  129  9:11  Hydralisk x4  
  135  9:22  Hydralisk x2, Overseer  
  135  9:23  Hydralisk x2  
  135  9:24  Hydralisk  
  143  9:26  Drone x2  
  143  9:30  Zergling x6  
  143  9:31  Zergling x2  
  151  9:34  Zergling x4  
  153  9:52  Hydralisk x2  
  153  9:53  Hydralisk x6  
  144  10:22  Hydralisk x5  
  144  10:23  Hydralisk x6  
  144  10:46  Hydralisk x8  
  144  10:47  Hydralisk x3  
  144  10:49  Extractor  
  164  10:51  Extractor  
Tags
 
Add a new tag
Caveats
  • Supply blocks, unpowered buildings, or Contaminate may cause inaccurate times.
  • Supply counts are checked every 10 seconds.